AoeStats
← NuMa | Gacha

Coastal Forest

510782347Analyzed
2v2 RM · 19h ago on Oct 2, 2026· 14m 39s· 4 players
Game mode
Random Map
Map size
Medium (4 player)
Population
200
Speed
Normal
Resources
Standard
Victory
Conquest
Starting age
Dark Age
Ending age
Imperial Age
RankedLock teamsTeams togetherTeam positionsShared explorationLock speedFull tech treeHidden civsTurbo modeCheats
Victory
Defeat
🇨🇴 Italians · Colombia
1133
+18
🇨🇦 Danes · Canada
1109
+19
🇨🇳 Tupi · China
1214
-19
🇵🇱 Byzantines · Poland
1152
-18
NuMa | Gacha
7:53 Loom
11:08 Feudal Age
13:40 Double-Bit Axe
15:13 Wheelbarrow
MagnumXL
7:31 Loom
9:22 Feudal Age
10:10 Man-at-Arms
11:45 Double-Bit Axe
Bodziu
0:28 Loom
12:27 Feudal Age
12:55 Man-at-Arms
my teammate can 1v2
10:20 Feudal Age
10:53 Double-Bit Axe
10:55 Fishing Lines
Connection lost

Rejoining the realm…

Still unreachable

The connection could not be restored.

Session expired

The server has moved on; the page needs a fresh start.